AoeStats
← raw0000

Arena

509359522Analyzed
4v4 RM · 6d ago on Sep 26, 2026· 17m 53s· 8 players
Game mode
Random Map
Map size
Large (8 player)
Population
200
Speed
Normal
Resources
Standard
Victory
Conquest
Starting age
Dark Age
Ending age
Imperial Age
RankedLock teamsTeams togetherTeam positionsShared explorationLock speedFull tech treeHidden civsTurbo modeCheats
Victory
Defeat
🇪🇸 Britons · Spain
1343
+14
🇨🇳 Malay · China
1335
+15
🇮🇳 Dravidians · India
1249
+18
🇦🇷 Saracens · Argentina
1248
+19
🇨🇳 Danes · China
1339
-18
🇨🇳 Burgundians · China
1329
-17
🇨🇳 Poles · China
1287
-16
🇮🇳 Shu · India
1267
-15
很蓝的啦
10:00 Feudal Age
12:17 Double-Bit Axe
15:17 Castle Age
13:16 Stone Mining
13:08 Horse Collar
16:44 Bow Saw
17:47 Heavy Plow
17:36 Loom
Øa10ŚūnyaØx
0:47 Loom
11:09 Feudal Age
11:55 Double-Bit Axe
17:25 Castle Age
15:42 Stone Mining
15:41 Horse Collar
16:03 Fletching
16:49 Gold Mining
愿随心
10:47 Feudal Age
14:52 Castle Age
13:26 Double-Bit Axe
13:24 Horse Collar
'Pyc_Hawk' = cryer
10:06 Feudal Age
11:25 Loom
13:40 Castle Age
11:26 Double-Bit Axe
13:44 Castle Age
11:50 Horse Collar
16:26 Wheelbarrow
atilaalmogaver
10:33 Feudal Age
12:09 Loom
15:01 Castle Age
13:36 Stone Mining
14:34 Double-Bit Axe
14:44 Gold Mining
18:07 Fletching
raw0000
10:10 Feudal Age
13:48 Castle Age
12:09 Double-Bit Axe
12:06 Horse Collar
14:35 Town Watch
16:05 Heavy Plow
Walkuere
9:28 Feudal Age
9:11 Double-Bit Axe
9:07 Horse Collar
17:23 Castle Age
17:24 Bow Saw
17:19 Heavy Plow
JUNCAL
10:48 Feudal Age
11:33 Double-Bit Axe
11:30 Horse Collar
15:46 Castle Age
16:40 Bow Saw
16:37 Loom
17:33 Wheelbarrow
Connection lost

Rejoining the realm…

Still unreachable

The connection could not be restored.

Session expired

The server has moved on; the page needs a fresh start.